AoeStats
← jetty8282-한국인

Black Forest

505598101Analyzed
4v4 RM · 23d ago on Sep 10, 2026· 55m 21s· 8 players
Game mode
Random Map
Map size
Large (8 player)
Population
200
Speed
Normal
Resources
Standard
Victory
Conquest
Starting age
Dark Age
Ending age
Imperial Age
RankedLock teamsTeams togetherTeam positionsShared explorationLock speedFull tech treeHidden civsTurbo modeCheats
Victory
Defeat
🇨🇳 Bohemians · China
1427
+13
🇺🇸 Koreans · United States
1424
+13
🇲🇽 Saracens · Mexico
1410
+14
🇰🇷 Persians · South Korea
1382
+15
🇺🇸 Japanese · United States
1433
-17
🇨🇦 Spanish · Canada
1368
-14
🇮🇳 Persians · India
1367
-14
🇺🇸 Tupi · United States
1265
-10
Outback_Wizard
1:05 Loom
11:41 Feudal Age
16:08 Castle Age
24:17 Wheelbarrow
24:09 Double-Bit Axe
25:15 Town Watch
26:33 Gold Mining
28:36 Bow Saw
28:26 Horse Collar
30:57 Fletching
34:48 Gold Shaft Mining
38:16 Imperial Age
35:53 Scale Mail Armor
36:04 Forging
35:57 Squires
36:49 Masonry
37:25 Chain Mail Armor
38:07 Iron Casting
37:43 Bodkin Arrow
38:26 Iron Casting
40:03 Architecture
40:10 Plate Mail Armor
39:28 Elite Fire Lancer
44:50 Coinage
44:30 Bracer
44:22 Heavy Rocket Cart
46:03 Banking
50:12 Capped Ram
55:42 Caravan
jetty8282-한국인
11:06 Feudal Age
15:09 Castle Age
14:29 Double-Bit Axe
14:26 Horse Collar
15:35 Loom
16:58 Bow Saw
23:01 Heavy Plow
24:24 Wheelbarrow
24:01 Gold Mining
25:42 Stone Mining
26:28 Gold Shaft Mining
30:45 Imperial Age
29:07 Stone Shaft Mining
29:12 Hand Cart
29:42 Forging
29:38 Scale Barding Armor
30:59 Iron Casting
31:38 Crop Rotation
32:33 Conscription
32:17 Husbandry
32:27 Bloodlines
33:26 Blast Furnace
32:28 Elite War Elephant
33:45 Hoardings
33:47 Chain Barding Armor
35:39 Guilds
35:31 Caravan
36:23 Plate Barding Armor
35:57 Devotion
37:25 Faith
42:48 Capped Ram
45:11 Chemistry
46:52 Siege Ram
50:36 Citadels
50:41 Masonry
50:52 Ballistics
50:23 Fletching
55:34 Bodkin Arrow
55:41 Padded Archer Armor
56:13 Architecture
55:39 Murder Holes
[GDL] ColimoteStudioS
5:44 Loom
9:04 Feudal Age
13:20 Fletching
17:44 Double-Bit Axe
22:02 Castle Age
23:19 Wheelbarrow
22:55 Bow Saw
24:00 Horse Collar
25:04 Town Watch
27:05 Heavy Plow
28:23 Gold Mining
28:24 Stone Mining
29:45 Hand Cart
33:13 Bodkin Arrow
33:19 Padded Archer Armor
36:07 Imperial Age
33:13 Crossbowman
33:59 Thumb Ring
34:22 Elite Skirmisher
35:23 Leather Archer Armor
35:48 Ballistics
35:10 Treadmill Crane
36:18 Gold Shaft Mining
36:36 Town Patrol
37:14 Conscription
36:17 Arbalester
38:04 Chemistry
38:11 Fortified Wall
38:09 Siege Engineers
38:12 Bracer
38:43 Ring Archer Armor
39:29 Scale Barding Armor
39:35 Forging
40:06 Bloodlines
39:57 Husbandry
39:17 Light Cavalry
41:58 Chain Barding Armor
42:13 Iron Casting
41:00 Hussar
44:16 Parthian Tactics
44:49 Plate Barding Armor
45:15 Blast Furnace
51:16 Scale Mail Armor
53:43 Caravan
54:13 Coinage
55:31 Banking
逸丶然
10:36 Feudal Age
14:05 Castle Age
13:22 Double-Bit Axe
26:04 Fervor
27:48 Wheelbarrow
31:24 Imperial Age
29:09 Loom
30:27 Hand Cart
33:13 Chemistry
31:54 Treadmill Crane
32:12 Pikeman
32:52 Squires
32:38 Arson
33:18 Bow Saw
33:15 Halberdier
33:57 Scale Mail Armor
34:07 Forging
33:51 Town Watch
35:00 Conscription
34:47 Wagenburg Tactics
36:46 Chain Mail Armor
37:07 Iron Casting
38:39 Two-Man Saw
37:23 Horse Collar
38:07 Houfnice
38:57 Siege Engineers
38:49 Murder Holes
39:06 Masonry
40:20 Plate Mail Armor
40:51 Blast Furnace
43:13 Padded Archer Armor
Karma
12:47 Feudal Age
14:21 Loom
18:09 Castle Age
16:16 Double-Bit Axe
17:21 Fletching
18:12 Horse Collar
19:01 Bodkin Arrow
22:09 Bow Saw
30:33 Wheelbarrow
30:23 Heavy Plow
34:18 Imperial Age
33:24 Padded Archer Armor
33:49 Ballistics
33:55 Hand Cart
36:07 Chemistry
35:09 Bracer
35:25 Leather Archer Armor
34:47 Elite Blackwood Archer
35:38 Gold Mining
36:49 Two-Man Saw
35:42 Gold Mining
35:43 Stone Mining
36:08 Town Watch
36:48 Conscription
37:38 Curare
38:10 Pikeman
38:51 Squires
38:36 Arson
39:45 Halberdier
40:38 Forging
40:29 Scale Mail Armor
40:54 Caravan
42:00 Iron Casting
42:25 Hoardings
47:49 Champi Runner
48:44 Champi Warrior
50:29 Elite Ibirapema Warrior
50:47 Elite Champi Warrior
DragonicOverlord
6:40 Loom
11:14 Feudal Age
16:11 Castle Age
14:00 Double-Bit Axe
14:56 Horse Collar
18:44 Bow Saw
28:04 Heavy Plow
28:42 Wheelbarrow
31:24 Imperial Age
28:46 Town Watch
29:40 Gold Mining
31:02 Hand Cart
30:48 Town Patrol
31:02 Forging
30:57 Scale Barding Armor
31:12 Husbandry
31:22 Bloodlines
32:25 Iron Casting
32:58 Chemistry
31:58 Cavalier
33:07 Chain Barding Armor
32:53 Padded Archer Armor
33:50 Gold Shaft Mining
35:25 Blast Furnace
33:51 Savar
36:31 Plate Barding Armor
36:12 Leather Archer Armor
36:45 Guilds
36:14 Pikeman
36:57 Squires
38:07 Fletching
38:19 Scale Mail Armor
37:41 Halberdier
39:30 Two-Man Saw
39:02 Crop Rotation
38:42 Caravan
41:53 Chain Mail Armor
41:35 Bodkin Arrow
42:10 Ring Archer Armor
41:41 Light Cavalry
43:29 Kamandaran
43:55 Conscription
45:12 Plate Mail Armor
46:21 Citadels
46:58 Hussar
47:02 Heavy Camel Rider
52:12 Stone Mining
52:37 Masonry
TheRealBirdie
9:25 Feudal Age
8:13 Loom
9:27 Man-at-Arms
10:18 Arson
13:01 Fletching
12:58 Town Watch
17:59 Wheelbarrow
19:32 Horse Collar
19:39 Double-Bit Axe
24:28 Castle Age
22:38 Stone Mining
23:27 Scale Mail Armor
23:32 Gold Mining
26:22 Chain Mail Armor
25:31 Long Swordsman
25:57 Gambesons
26:12 Squires
28:20 Forging
36:17 Imperial Age
35:01 Yasama
35:37 Guard Tower
36:01 Fortified Wall
37:03 Capped Ram
37:45 Bodkin Arrow
37:20 Pikeman
39:38 Conscription
39:31 Bracer
39:42 Halberdier
41:16 Ballistics
42:46 Two-Handed Swordsman
43:22 Guard Tower
44:19 Plate Mail Armor
44:56 Iron Casting
45:22 Bow Saw
45:26 Masonry
46:08 Champion
47:52 Blast Furnace
46:42 Onager
47:46 Champion
Nice day for fishing
7:34 Loom
9:37 Feudal Age
10:47 Double-Bit Axe
10:44 Horse Collar
20:32 Castle Age
19:23 Gold Mining
21:48 Wheelbarrow
21:27 Bow Saw
21:20 Heavy Plow
26:01 Hand Cart
28:53 Stone Mining
32:02 Imperial Age
30:18 Scale Barding Armor
30:24 Forging
30:26 Bloodlines
30:40 Husbandry
31:28 Chain Barding Armor
31:44 Caravan
32:44 Iron Casting
32:02 Fletching
33:11 Guilds
34:10 Plate Barding Armor
34:36 Blast Furnace
32:58 Cavalier
34:23 Ballistics
35:03 Chemistry
34:02 Bodkin Arrow
35:06 Masonry
34:42 Paladin
35:45 Conscription
37:59 Architecture
37:41 Fortified Wall
39:24 Inquisition
42:42 Light Cavalry
44:06 Supremacy
Connection lost

Rejoining the realm…

Still unreachable

The connection could not be restored.

Session expired

The server has moved on; the page needs a fresh start.